 Dungeon Crawl Stone Soup version 0.29.1-2-gbd0b4ee654 (webtiles) character file.

Game seed: 13103988955953002180

403 zeram the Shield-Bearer (level 6, 0/53 HPs)
             Began as a Gnoll Fighter on Nov 22, 2022.
             Succumbed to Edmund's poison
             ... on level 4 of the Dungeon.
             The game lasted 00:10:03 (4885 turns).

zeram the Shield-Bearer (Gnoll Fighter)             Turns: 4885, Time: 00:10:04

Health: 0/53       AC: 12    Str: 15 (17) XL:     6   Next: 86%
Magic:  9/9        EV:  9    Int:  6 (8)  God:
Gold:   180        SH:  5    Dex: 10 (11) Spells: 9/9 levels left

rFire   . . .      SeeInvis .   j - +2 mace (vorpal)
rCold   . . .      Faith    .   c - +0 buckler
rNeg    . . .      Spirit   .   b - +0 scale mail
rPois   .          Reflect  .   (helmet restricted)
rElec   .          Harm     .   (no cloak)
rCorr   .          Rampage  .   m - +0 pair of gloves
Will    .....                   g - +0 pair of boots
Stlth   ..........              (no amulet)
HPRegen 0.17/turn               e - ring of wizardry
MPRegen 0.11/turn               o - ring of flight

@: lethally poisoned (0 -> -11), flying
A: fangs 1, strong nose, distributed training, antennae 1, iridescent scales 1
a: no special abilities


You were on level 4 of the Dungeon.
You visited 1 branch of the dungeon, and saw 4 of its levels.

You collected 180 gold pieces.

Inventory:

Hand Weapons
 a - a +0 flail
 h - a +1 short sword of speed
 j - a +2 vorpal mace (weapon)
Armour
 b - a +0 scale mail (worn)
 c - a +0 buckler (worn)
 g - a +0 pair of boots (worn)
 m - a +0 pair of gloves (worn)
Jewellery
 e - a ring of wizardry (left hand)
 o - a ring of flight (right hand)
Scrolls
 d - a scroll of butterflies
 i - a scroll of immolation {unknown}
 l - a scroll of brand weapon {unknown}
 q - a scroll of teleportation
Potions
 f - a potion of brilliance


   Skills:
 + Level 6.9 Fighting
 + Level 2.2 Short Blades
 + Level 2.2 Long Blades
 + Level 2.2 Axes
 + Level 5.1 Maces & Flails
 + Level 2.2 Polearms
 + Level 2.2 Staves
 + Level 2.2 Ranged Weapons
 + Level 2.2 Throwing
 + Level 6.9 Armour
 + Level 2.2 Dodging
 + Level 2.2 Stealth
 + Level 6.9 Shields
 + Level 2.2 Unarmed Combat
 + Level 2.2 Spellcasting
 + Level 1.8 Conjurations
 + Level 1.8 Hexes
 + Level 1.8 Summonings
 + Level 1.8 Necromancy
 + Level 1.8 Translocations
 + Level 1.8 Transmutations
 + Level 1.8 Fire Magic
 + Level 1.8 Ice Magic
 + Level 1.8 Air Magic
 + Level 1.8 Earth Magic
 + Level 1.8 Poison Magic
 + Level 2.4 Invocations
 + Level 2.2 Evocations


You had 9 spell levels left.
You didn't know any spells.
Your spell library contained the following spells:

 Spells                   Type           Power      Damage    Failure   Level
 Summon Small Mammal      Summ           8%         N/A       32%         1
 Call Canine Familiar     Summ           2%         N/A       65%         3
 Summon Guardian Golem    Hex/Summ       2%         N/A       65%         3
 Conjure Ball Lightning   Conj/Air       1%         3x3d6     100%        6
 Discord                  Hex            1%         N/A       100%        8
 Disjunction              Tloc           1%         N/A       100%        8


Dungeon Overview and Level Annotations

Branches:
Dungeon (4/15)
 Temple: D:4-7

Altars:
Fedhas
Sif Muna
Xom

Shops:
D:1 [([[(

Annotations:
D:4 Edmund


Innate Abilities, Weirdness & Mutations

You have very sharp teeth.
Your uncanny sense of smell can sniff out nearby items.
Your experience applies equally to all skills.
You have a pair of small antennae on your head.
You are partially covered in iridescent scales. (AC +2)


Message History

Found a glowing orb.
Edmund closely misses you.
You closely miss Edmund. Your bite misses Edmund.
Edmund hits you with a +2 dire flail of venom.
You are poisoned.
You barely miss Edmund. You bite Edmund, but do no damage.
You feel very sick.
Edmund hits you with a +2 dire flail of venom!
You are more poisoned.
Edmund barely misses you.
You barely miss Edmund. Your bite misses Edmund.
You feel very sick. Edmund hits you but does no damage.
You hit Edmund. You bite Edmund, but do no damage.
Edmund is lightly wounded.
You feel very sick. Edmund hits you but does no damage.
You are more poisoned.
You hit Edmund but do no damage.
Edmund is lightly wounded.
You feel very sick.
Edmund hits you with a +2 dire flail of venom!
You are lethally poisoned!
You are too injured to fight recklessly!
You are too injured to fight recklessly!
Okay, then.
As you read the scroll of fear, it crumbles to dust.
You assume a fearsome visage.
Edmund looks frightened!
The ball python looks frightened!
* * * LOW HITPOINT WARNING * * *
You feel extremely sick.
Edmund screams, "Help!"
Okay, then.
Okay, then.
* * * LOW HITPOINT WARNING * * *
You feel very sick.
* * * LOW HITPOINT WARNING * * *
You feel very sick.
* * * LOW HITPOINT WARNING * * *
You feel very sick.
You die...

#.##.##.#........∆#..#...........
#.##.##.#{......#.#..#.#..###†#..
#. #.##.# .....#.#.......# #.# .
#. #.##.####.##...........# #.#..
#.##.##.#.......#.####.#### #.#..
#.......#.##.......# #. #....
#......(#.##.......# # #.#..
#.##.##.#.##....##.###.######.##.
#.........##.@".............#.
####.#.##.##.##..#####.#......
...#.......# .# #.#..))
########..!.. # ...##.## #######
#.#. #.#. #.. ..#. . # ####. # #.
#.


There were no monsters in sight!

Vanquished Creatures
  A black bear (D:4)
  The ghost of superradish the Sneak, an amateur OpBr (D:3)
  An orc priest (D:3)
  An orc wizard (D:3)
  A gnoll (D:3)
  7 adders
  5 worms
  A dart slug (D:4)
  6 orcs
  10 endoplasms
  4 giant cockroaches
  4 goblins
  5 hobgoblins
  2 jackals (D:1)
  9 kobolds
  6 quokkas
  9 ball pythons
  5 bats
  4 frilled lizards
  6 rats
88 creatures vanquished.

Vanquished Creatures (others)
  A plant (D:1)
1 creature vanquished.

Grand Total: 89 creatures vanquished

Notes
Turn   | Place    | Note
-------+----------+-------------------------------------------
     0 | D:1      | zeram the Gnoll Fighter began the quest for the Orb.
     0 | D:1      | Reached XP level 1. HP: 23/23 MP: 1/1
    12 | D:1      | Found Ovorum's Weapon Shoppe.
    53 | D:1      | Found Mellodaj's Armour Boutique.
    71 | D:1      | Reached XP level 2. HP: 29/29 MP: 2/2
   397 | D:1      | Found Qait's Antique Armour Emporium.
   497 | D:1      | Reached XP level 3. HP: 17/35 MP: 3/3
   730 | D:1      | Found Begyt's Antique Armour Emporium.
   882 | D:1      | Found Ryfa's Antique Weapon Emporium.
  1043 | D:1      | Reached skill level 1 in Invocations
  1595 | D:2      | Reached skill level 1 in Short Blades
  1595 | D:2      | Reached skill level 1 in Long Blades
  1595 | D:2      | Reached skill level 1 in Axes
  1595 | D:2      | Reached skill level 1 in Polearms
  1595 | D:2      | Reached skill level 1 in Staves
  1595 | D:2      | Reached skill level 1 in Ranged Weapons
  1595 | D:2      | Reached skill level 1 in Throwing
  1595 | D:2      | Reached skill level 1 in Dodging
  1595 | D:2      | Reached skill level 1 in Stealth
  1595 | D:2      | Reached skill level 1 in Unarmed Combat
  1595 | D:2      | Reached skill level 1 in Spellcasting
  1595 | D:2      | Reached skill level 1 in Evocations
  1857 | D:2      | Reached XP level 4. HP: 41/41 MP: 5/5
  2443 | D:2      | Reached skill level 1 in Conjurations
  2443 | D:2      | Reached skill level 1 in Hexes
  2443 | D:2      | Reached skill level 1 in Summonings
  2443 | D:2      | Reached skill level 1 in Necromancy
  2443 | D:2      | Reached skill level 1 in Translocations
  2443 | D:2      | Reached skill level 1 in Transmutations
  2443 | D:2      | Reached skill level 1 in Fire Magic
  2443 | D:2      | Reached skill level 1 in Ice Magic
  2443 | D:2      | Reached skill level 1 in Air Magic
  2443 | D:2      | Reached skill level 1 in Earth Magic
  2443 | D:2      | Reached skill level 1 in Poison Magic
  2856 | D:3      | Reached XP level 5. HP: 43/47 MP: 5/7
  3436 | D:3      | Found a runed translucent door.
  3438 | D:3      | Noticed superradish's ghost (amateur OpBr)
  3453 | D:3      | Killed superradish's ghost
  3454 | D:3      | Reached XP level 6. HP: 28/53 MP: 8/8
  3461 | D:3      | Found a runed translucent door.
  3997 | D:3      | Found a shimmering blue altar of Sif Muna.
  4000 | D:3      | Found a blossoming altar of Fedhas.
  4005 | D:3      | Found a shimmering altar of Xom.
  4250 | D:3      | Reached skill level 5 in Maces & Flails
  4756 | D:4      | Noticed a black bear
  4760 | D:4      | Gained mutation: You have a pair of small antennae on your
                  | head. [potion of mutation]
  4760 | D:4      | Gained mutation: You are partially covered in iridescent
                  | scales. (AC +2) [potion of mutation]
  4769 | D:4      | Killed a black bear
  4872 | D:4      | Noticed Edmund
  4884 | D:4      | HP: 1/53 [poisoned by Edmund]
  4885 | D:4      | Succumbed to Edmund's poison

Illustrated notes

Levels and vault maps discovered:
D:1:      tarquinn_simple_flora_water_e, layout_basic, serial_shops,
          nicolae_shop_stone, nicolae_shop_overgrown_old_shop, shop,
          nicolae_shop_crystal, shop
D:2:      layout_basic
D:3:      minmay_inner_zag, layout_basic, grunt_temple_overflow_diamond,
          cheibrodos_sewer_entry_bend, ebering_ghost_sewer_f
D:4:      layout_loops_cross, uniq_edmund

Skill      XL: |  1  2  3  4  5  6 |
---------------+-------------------+-----
Invocations    | 1 2 |  2.4
Short Blades   | 1 2 |  2.2
Long Blades    | 1 2 |  2.2
Axes           | 1 2 |  2.2
Polearms       | 1 2 |  2.2
Staves         | 1 2 |  2.2
Ranged Weapons | 1 2 |  2.2
Throwing       | 1 2 |  2.2
Dodging        | 1 2 |  2.2
Stealth        | 1 2 |  2.2
Unarmed Combat | 1 2 |  2.2
Spellcasting   | 1 2 |  2.2
Evocations     | 1 2 |  2.2
Conjurations   | 1 |  1.8
Hexes          | 1 |  1.8
Summonings     | 1 |  1.8
Necromancy     | 1 |  1.8
Translocations | 1 |  1.8
Transmutations | 1 |  1.8
Fire Magic     | 1 |  1.8
Ice Magic      | 1 |  1.8
Air Magic      | 1 |  1.8
Earth Magic    | 1 |  1.8
Poison Magic   | 1 |  1.8
Maces & Flails | 5 |  5.1
Fighting       | |  6.9
Armour         | |  6.9
Shields        | |  6.9

Action                   |  1- 3 |  4- 6 || total
-------------------------+-------+-------++-------
Melee: Flail             |    44 |       ||    44
       Short sword       |    82 |   264 ||   346
       Bite              |    11 |    35 ||    46
       Mace              |       |    33 ||    33
  Use: Scroll            |     4 |     5 ||     9
       Potion            |       |     7 ||     7
Armor: Scale mail        |    59 |    81 ||   140
Dodge: Dodged            |    63 |   107 ||   170
Block: Buckler           |    29 |    57 ||    86
